 Dungeon Crawl Stone Soup version 0.28-a0-124-g73ec313a74 (webtiles) character file.

Game seed: 3377610891380133958

30 voltaire321 the Ducker (level 3, -1/29 HPs)
             Began as a Djinni Gladiator on Aug 15, 2021.
             Slain by Terence (10 damage)
             ... on level 2 of the Dungeon.
             The game lasted 00:02:34 (1191 turns).

voltaire321 the Ducker (Djinni Gladiator)           Turns: 1191, Time: 00:02:35

Health: -1/29      AC:  4    Str: 13    XL:     3   Next: 37%
Gold:   52         EV: 12    Int: 10    God:
                   SH:  0    Dex: 14

rFire   + + .      SeeInvis .   a - +0 long sword
rCold   x . .      Faith    .   (no shield)
rNeg    . . .      Spirit   .   b - +0 leather armour
rPois   ∞          Reflect  .   c - +0 helmet
rElec   .          Harm     .   (no cloak)
rCorr   .          Rampage  .   (no gloves)
Will    .....                   (boots unavailable)
Stlth   +.........              (no amulet)
HPRegen 0.09/turn               (no ring)
MPRegen 0.00/turn               (no ring)

@: flying
A: sickness immunity, fire resistance 2, cold vulnerability 1, float, innate
caster, hp casting, extra vitality 1
a: no special abilities


You were on level 2 of the Dungeon.
You visited 1 branch of the dungeon, and saw 2 of its levels.

You collected 52 gold pieces.

Inventory:

Hand Weapons
 a - a +0 long sword (weapon)
Missiles
 d - 3 throwing nets (quivered)
Armour
 b - a +0 leather armour (worn)
 c - a +0 helmet (worn)
Scrolls
 f - a scroll of enchant armour {unknown}
Potions
 e - a potion of brilliance {unknown}


   Skills:
 + Level 2.3 Fighting
 + Level 3.0 Long Blades
 - Level 1.5 Throwing
 + Level 1.1 Armour
 + Level 3.6 Dodging
 + Level 0.3 Spellcasting


You had one spell level left.
You knew the following spells:

 Your Spells              Type           Power      Damage    Failure   Level
a - Corona                Hex            0%         N/A       38%         1
Your spell library was empty.

Dungeon Overview and Level Annotations

Branches:
Dungeon (2/15)

Altars:

Shops:
D:1 (

Annotations:
D:2 Terence


Innate Abilities, Weirdness & Mutations

You are immune to sickness and miasma.
You are immune to poison.
Your flesh is very heat resistant. (rF++)
You are vulnerable to cold. (rC-)
You float through the air rather than walking.
You learn spells naturally, not from books.
Your magical power is your life essence.
You have superior vitality. (+4 HP)


Message History

You slash the rat!
You kill the rat!
Items here: ) ††††.
There is a stone staircase leading down here.
You now have 52 gold pieces (gained 13).
Terence the Incautious comes into view.
He is wielding a +0 trident and wearing a +1 ring mail of poison resistance.
Found a stone staircase leading up.
Terence bares his teeth.
Casting: Corona (safe; 38% risk of failure)
Confirm with . or Enter, or press ? or * to list all spells.
Aiming: Corona (safe; 38% risk of failure)
Press: ? - help, Shift-Dir - straight line, f - Terence
Aim: Terence, wielding a +0 trident and wearing a +1 ring mail of poison resistance (chance to affect: 41%) Terence is outlined in light.
Terence barely misses you. Terence hits you with a +0 trident.
You hit Terence.
Terence is lightly wounded.
Terence hits you with a +0 trident. Terence closely misses you.
You hit Terence but do no damage.
Terence is lightly wounded.
Terence barely misses you.
You hit Terence.
Terence is moderately wounded.
Terence closely misses you.
You hit Terence.
Terence is moderately wounded.
Terence hits you with a +0 trident.
You hit Terence.
Terence is severely wounded.
Terence barely misses you.
You riposte.
You hit Terence.
Terence is almost dead.
Terence asks, "Do you want it fast or slow?"
Terence hits you with a +0 trident!
You barely miss Terence.
Terence is almost dead.
Terence stops glowing.
Terence drinks a potion.
Terence is healed!
You hit Terence.
Terence is severely wounded.
Terence hits you with a +0 trident!
You die...

##.###....# ##.......##
#######.# #.# ##
######)####### .##
##..[...#.....## #.?####
#..............##...<...
#......)..>......#.......
#...............@@.......
#................#.......
#................#.......
#................#.......
#.......<........#.......
#..............##.......
.....##.....## .......
#### ####### #######


You could see Terence.

Vanquished Creatures
  3 bats
  3 endoplasms
  2 giant cockroaches (D:1)
  4 goblins
  3 hobgoblins
  A quokka (D:1)
  4 ball pythons
  A frilled lizard (D:1)
  2 kobolds (D:1)
  7 rats
30 creatures vanquished.

Notes
Turn   | Place    | Note
-------+----------+-------------------------------------------
     0 | D:1      | voltaire321 the Djinni Gladiator began the quest for the
                  | Orb.
     0 | D:1      | Reached XP level 1. HP: 18/18 MP: 0/0
   120 | D:1      | Reached XP level 2. HP: 23/23 MP: 0/0
   151 | D:1      | Found Qioklede's Weapon Boutique.
   912 | D:2      | Reached XP level 3. HP: 28/28 MP: 0/0
   912 | D:2      | Learned a level 1 spell: Corona
   944 | D:2      | Reached skill level 1 in Armour
  1179 | D:2      | Noticed Terence
  1191 | D:2      | Slain by Terence

Illustrated notes

Levels and vault maps discovered:
D:1:      minmay_arrival_five_plusses, layout_loops_ring, serial_shops,
          nicolae_shop_statue_plus, nrook_mini_vaults
D:2:      layout_rooms, uniq_terence

Skill      XL: |  1  2  3 |
---------------+----------+-----
Armour         | 1 |  1.1
Long Blades    | 3 |  3.0
Fighting       | |  2.3
Throwing       | |  1.5
Dodging        | |  3.6
Spellcasting   | |  0.3

Action                   || total
-------------------------++-------
Melee: Long sword        ||    86
 Cast: Corona            ||     1
 Stab: Sleeping          ||     2
Armor: Leather armour    ||    23
Dodge: Dodged            ||    67
       Rpst.: Long sword ||    10

Table legend: (Time is in decaauts)
 A = Elapsed time spent in this place.
 B = Non-inter-level travel time spent in this place.
 C = Inter-level travel time spent in this place.
 D = Time resting spent in this place.
 E = Time spent auto-exploring this place.
 F = Levels seen in this place.
 G = Mean time per level.
                   A        B        C        D        E       F      G
               +--------+--------+--------+--------+--------+-----+--------+
         Total |   1212 |   1194 |     18 |    192 |    783 |   2 |  606.0 |
       Dungeon |   1212 |   1194 |     18 |    192 |    783 |   2 |  606.0 |
               +--------+--------+--------+--------+--------+-----+--------+

Top non-repeatable levels by time:
     D:1: 914 daAuts
     D:2: 298 daAuts
